AoeStats
← Memory

Black Forest

509908024Analyzed
4v4 RM · 5d ago on Sep 28, 2026· 54m 30s· 8 players
Game mode
Random Map
Map size
Large (8 player)
Population
200
Speed
Normal
Resources
Standard
Victory
Conquest
Starting age
Dark Age
Ending age
Imperial Age
RankedLock teamsTeams togetherTeam positionsShared explorationLock speedFull tech treeHidden civsTurbo modeCheats
Victory
Defeat
🇺🇸 Mongols · United States
1061
+13
🇩🇪 Varangians · Germany
1027
+14
🇨🇴 Goths · Colombia
978
+17
🇩🇪 Persians · Germany
893
+20
🇵🇰 Teutons · Pakistan
1020
-17
🇵🇰 Bohemians · Pakistan
1009
-17
🇨🇳 Franks · China
994
-16
🇵🇰 Lithuanians · Pakistan
939
-14
Ken
1:02 Loom
12:55 Feudal Age
16:43 Double-Bit Axe
18:56 Fletching
24:54 Castle Age
24:44 Wheelbarrow
26:42 Husbandry
28:21 Husbandry
29:52 Bow Saw
35:11 Hand Cart
38:49 Stone Mining
38:51 Gold Mining
41:34 Imperial Age
40:48 Masonry
40:19 Treadmill Crane
40:36 Murder Holes
41:02 Ballistics
41:22 Scale Barding Armor
41:28 Forging
44:36 Chain Barding Armor
44:52 Iron Casting
48:23 Gold Shaft Mining
49:01 Cavalier
51:31 Plate Barding Armor
51:57 Blast Furnace
Just_jawad
0:26 Loom
13:24 Feudal Age
15:13 Double-Bit Axe
15:10 Horse Collar
19:01 Castle Age
20:36 Wheelbarrow
20:17 Bow Saw
22:37 Heavy Plow
30:36 Wheelbarrow
32:12 Sanctity
32:39 Hand Cart
32:49 Arson
33:04 Squires
34:14 Fletching
34:24 Padded Archer Armor
38:35 Imperial Age
37:29 Chemistry
36:42 Pikeman
38:35 Ballistics
38:13 Bodkin Arrow
38:34 Leather Archer Armor
38:30 Forging
38:21 Scale Mail Armor
39:23 Wagenburg Tactics
38:40 Houfnice
40:14 Conscription
39:56 Halberdier
41:04 Bracer
41:35 Ring Archer Armor
42:30 Elite Hussite Wagon
44:38 Iron Casting
44:19 Chain Mail Armor
48:39 Blast Furnace
48:11 Plate Mail Armor
Memory
11:45 Feudal Age
16:28 Castle Age
19:03 Man-at-Arms
23:01 Double-Bit Axe
26:46 Wheelbarrow
26:25 Bow Saw
27:51 Hand Cart
29:13 Gold Mining
29:13 Stone Mining
29:04 Horse Collar
33:14 Imperial Age
31:38 Caravan
34:59 Chemistry
34:05 Siege Engineers
35:32 Two-Man Saw
34:34 Heavy Plow
35:10 Stone Shaft Mining
34:59 Heavy Scorpion
37:01 Crop Rotation
38:07 Crenellations
38:11 Conscription
40:00 Fortified Wall
40:25 Ballistics
40:35 Guilds
41:21 Coinage
42:50 Loom
42:51 Town Watch
Naughty Grandpa
13:23 Feudal Age
14:10 Double-Bit Axe
15:07 Wheelbarrow
16:01 Man-at-Arms
16:27 Arson
20:01 Gold Mining
20:34 Forging
20:26 Scale Mail Armor
30:39 Castle Age
29:20 Horse Collar
31:04 Scale Barding Armor
33:09 Hand Cart
35:23 Bow Saw
35:16 Heavy Plow
36:51 Iron Casting
36:32 Chain Mail Armor
36:37 Chain Barding Armor
36:48 Fortified Wall
36:41 Stone Mining
38:51 Stone Shaft Mining
39:52 Caravan
41:17 Bloodlines
40:27 Light Cavalry
43:15 Masonry
48:29 Imperial Age
49:25 Winged Hussar
51:06 Plate Barding Armor
50:07 Elite Leitis
51:07 Conscription
52:03 Hoardings
54:23 Loom
WeLoveRust
3:37 Loom
12:13 Feudal Age
16:23 Castle Age
14:08 Horse Collar
14:37 Double-Bit Axe
21:24 Heavy Plow
22:13 Bow Saw
23:39 Wheelbarrow
30:52 Imperial Age
29:46 Scale Barding Armor
29:52 Forging
29:36 Stone Mining
29:43 Gold Mining
30:04 Caravan
32:40 Chain Barding Armor
32:56 Iron Casting
33:04 Gold Shaft Mining
33:07 Stone Shaft Mining
33:43 Husbandry
33:54 Bloodlines
35:17 Two-Man Saw
35:07 Crop Rotation
34:03 Pikeman
35:05 Hand Cart
37:48 Halberdier
38:31 Squires
38:46 Citadels
37:57 Elite War Elephant
38:59 Conscription
43:55 Plate Barding Armor
44:56 Blast Furnace
47:27 Scale Mail Armor
47:27 Padded Archer Armor
47:18 Fletching
TopicKilleR
1:59 Loom
14:59 Feudal Age
18:54 Castle Age
17:54 Horse Collar
18:28 Double-Bit Axe
18:27 Fishing Lines
20:18 Bow Saw
29:54 Horse Collar
33:13 Wheelbarrow
32:23 Town Watch
33:35 Caravan
33:59 Gold Mining
33:59 Stone Mining
36:58 Imperial Age
37:15 Forging
37:11 Scale Barding Armor
38:58 Iron Casting
39:34 Stone Shaft Mining
39:27 Chain Barding Armor
39:08 Padded Archer Armor
40:59 Blast Furnace
39:49 Fletching
39:49 Arson
40:05 Squires
39:25 Elite Varangian Guard
39:55 Gambesons
40:15 Elite Jarl
41:16 Conscription
40:18 Vendel Legacy
40:19 Gothikon
41:57 Gillnets
43:18 Two-Man Saw
41:50 Onager
42:35 Heavy Plow
45:24 Bodkin Arrow
45:45 Leather Archer Armor
46:29 Bloodlines
46:20 Husbandry
45:43 Cranequins
45:43 Heavy Mounted Crossbowman
THE_LORD
1:59 Loom
12:54 Feudal Age
12:59 Man-at-Arms
15:52 Wheelbarrow
22:52 Castle Age
24:11 Long Swordsman
27:18 Double-Bit Axe
27:16 Horse Collar
29:01 Heavy Plow
29:42 Gold Mining
29:42 Stone Mining
32:01 Caravan
34:03 Bow Saw
33:51 Pikeman
34:53 Hand Cart
34:44 Stone Mining
36:17 Squires
36:51 Anarchy
40:34 Imperial Age
40:58 Two-Handed Swordsman
41:02 Halberdier
43:09 Forging
42:59 Scale Mail Armor
42:25 Champion
43:26 Perfusion
43:47 Conscription
43:47 Herbal Medicine
45:40 Two-Man Saw
45:12 Crop Rotation
45:21 Stone Shaft Mining
49:42 Iron Casting
49:22 Chain Mail Armor
49:01 Fletching
49:11 Padded Archer Armor
50:46 Chemistry
50:07 Ballistics
49:42 Murder Holes
Bambuchagt
5:18 Loom
11:47 Feudal Age
15:41 Castle Age
16:08 Wheelbarrow
18:08 Double-Bit Axe
18:07 Horse Collar
24:57 Bow Saw
25:11 Heavy Plow
31:20 Imperial Age
29:06 Hand Cart
28:45 Gold Mining
28:53 Stone Mining
30:00 Fortified Wall
31:37 Capped Ram
31:53 Elite Steppe Lancer
32:34 Husbandry
32:45 Bloodlines
32:44 Scale Barding Armor
32:49 Forging
33:16 Caravan
33:46 Coinage
34:36 Town Watch
35:16 Chain Barding Armor
35:32 Iron Casting
34:27 Siege Ram
38:07 Drill
38:10 Conscription
39:30 Gold Shaft Mining
39:34 Stone Shaft Mining
39:41 Banking
39:21 Town Patrol
38:47 Light Cavalry
41:03 Blast Furnace
39:54 Fletching
40:07 Hussar
43:02 Bodkin Arrow
45:18 Onager
45:51 Onager
47:29 Siege Onager
48:58 Hoardings
Connection lost

Rejoining the realm…

Still unreachable

The connection could not be restored.

Session expired

The server has moved on; the page needs a fresh start.